[Event "Titled Tuesday Blitz March 29 Early 2022"]
[White "Biletskiy, Danylo"]
[Black "Kostiukov, Alexandr"]
[WhiteFideId "14155419"]
[BlackFideId "14108100"]
[WhiteElo "2087"]
[BlackElo "2202"]
[Result "0-1"]
[Round "09"]
[TimeControl "180+1"]
[Date "2022.03.30"]
[WhiteClock "0:00:03"]
[BlackClock "0:00:11"]

1. d4 g6 2. e4 c5 3. c3 cxd4 4. cxd4 d5 5. e5 Nc6 6. Bb5 Nh6 7. Nc3 Bg7 8. Nf3 Bg4 9. h3 Bxf3 10. Qxf3 Nf5 11. Be3 O-O 12. Bxc6 bxc6 13. O-O Qb6 14. Rfd1 Qxb2 15. Na4 Qa3 16. Nc5 f6 17. e6 Nxe3 18. Qxe3 Qxe3 19. fxe3 Rfb8 20. Rab1 Rb6 21. Nd7 Rb5 22. Rxb5 cxb5 23. Rc1 b4 24. Rc7 Bf8 25. Nc5 a5 26. Rb7 f5 27. Kf2 Kg7 28. Nd7 Kg8 29. Rb5 Kg7 30. Ke2 g5 31. Kd3 Kg6 32. Rxd5 a4 33. Kc2 Bg7 34. Rb5 b3+ 35. axb3 axb3+ 36. Rxb3 f4 37. exf4 Bxd4 38. fxg5 Ra2+ 39. Kd3 Bg7 40. g4 Rh2 41. Ke4 Re2+ 42. Kf3 Rxe6 43. h4 Rd6 44. Nc5 Bd4 45. Ne4 Ra6 46. h5+ Kf7 47. Rb7 Ke6 48. Rb4 Ra3+ 49. Kf4 Be5# 0-1


[Site "https://www.chess.com"]

[Event "Titled Tuesday Blitz March 29 Early 2022"]
[White "Bintang, Rasyid A. Hidayat"]
[Black "Nozdrachev, Leonid"]
[WhiteFideId "7105355"]
[BlackFideId "24113433"]
[WhiteElo "2385"]
[BlackElo "2543"]
[Result "0-1"]
[Round "09"]
[TimeControl "180+1"]
[Date "2022.03.30"]
[WhiteClock "0:01:49"]
[BlackClock "0:01:22"]

1. d4 d6 2. Bf4 g6 3. Nc3 Bh6 4. Bxh6 Nxh6 5. e4 c6 6. Qd2 Ng4 7. f3 Nf6 8. h4 e5 9. O-O-O Qb6 10. dxe5 dxe5 11. Bc4 O-O 12. h5 Be6 13. Bxe6 fxe6 14. hxg6 hxg6 15. Qh6 Kf7 16. Nh3 Ke7 17. Ng5 Rg8 18. Qh3 Qe3+ 19. Kb1 Qxg5 20. Na4 Nbd7 21. Rd3 Rh8 22. Qh7+ Rxh7 0-1


[Site "https://www.chess.com"]

[Event "Titled Tuesday Blitz March 29 Early 2022"]
[White "Bortnyk, Olexandr"]
[Black "Kamsky, Gata"]
[WhiteFideId "14120828"]
[BlackFideId "2000024"]
[WhiteElo "2723"]
[BlackElo "2645"]
[Result "0-1"]
[Round "09"]
[TimeControl "180+1"]
[Date "2022.03.29"]
[WhiteClock "0:00:05"]
[BlackClock "0:01:00"]

1. e4 e5 2. Bc4 Nf6 3. d3 Nc6 4. Nc3 Bb4 5. Bd2 d6 6. Nge2 Be6 7. O-O Bxc4 8. dxc4 h6 9. f4 exf4 10. Nxf4 O-O 11. Nfd5 Nxd5 12. Nxd5 Bxd2 13. Qxd2 Ne7 14. Ne3 Qd7 15. Rae1 Rae8 16. e5 Rd8 17. exd6 Qxd6 18. Qf2 b6 19. Kh1 f5 20. c3 f4 21. Ng4 Ng6 22. Qc2 Qd3 23. Qb3 Kh7 24. Nf2 Qf5 25. Nh3 Rd2 26. Rf2 Rfd8 27. Ref1 Rxf2 28. Nxf2 Rd2 29. c5 Rxf2 0-1


[Site "https://www.chess.com"]

[Event "Titled Tuesday Blitz March 29 Early 2022"]
[White "Caruana, Fabiano"]
[Black "Abdrlauf, Elham"]
[WhiteFideId "2020009"]
[BlackFideId "1533533"]
[WhiteElo "2744"]
[BlackElo "2334"]
[Result "0-1"]
[Round "09"]
[TimeControl "180+1"]
[Date "2022.03.29"]
[WhiteClock "0:00:03"]
[BlackClock "0:00:07"]

1. d4 Nf6 2. Nf3 d5 3. Bf4 c5 4. e3 Nc6 5. Be2 Bg4 6. O-O e6 7. Nbd2 Bd6 8. Bxd6 Qxd6 9. c3 O-O 10. h3 Bxf3 11. Bxf3 e5 12. dxc5 Qxc5 13. Rc1 Rad8 14. Qa4 a6 15. Rfd1 g6 16. c4 d4 17. Nb3 Qa7 18. Bxc6 dxe3 19. Bf3 exf2+ 20. Kf1 e4 21. Be2 e3 22. Bf3 Qb8 23. Ke2 Qf4 24. Qa5 Rde8 25. Rd4 Ne4 26. Rxe4 Rxe4 27. Bxe4 Qxe4 28. Qd5 Qe7 29. Rd1 Re8 30. c5 Qf6 31. Qd4 Qf5 32. Qc4 Qh5+ 33. Qg4 Qe5 34. Qd4 Qf5 35. Qc4 Qf6 36. Qd4 Qc6 37. Qc4 Qxg2 38. Rf1 Qxh3 39. Qd5 Qg4+ 40. Qf3 Qxf3+ 41. Kxf3 e2 0-1


[Site "https://www.chess.com"]

[Event "Titled Tuesday Blitz March 29 Early 2022"]
[White "Chigaev, Maksim"]
[Black "Xiong, Jeffery"]
[WhiteFideId "4108116"]
[BlackFideId "2047640"]
[WhiteElo "2502"]
[BlackElo "2727"]
[Result "0-1"]
[Round "09"]
[TimeControl "180+1"]
[Date "2022.03.29"]
[WhiteClock "0:00:01"]
[BlackClock "0:00:03"]

1. e4 c5 2. Nf3 d6 3. d4 cxd4 4. Nxd4 Nf6 5. Nc3 a6 6. Be3 e5 7. Nf3 Qc7 8. a4 Be7 9. Be2 h6 10. a5 Be6 11. O-O Qc6 12. Nd2 Nbd7 13. Bf3 O-O 14. Re1 Rac8 15. Nf1 Rfe8 16. Re2 Nh7 17. Rd2 Ndf6 18. Ng3 Bf8 19. Nd5 Bxd5 20. exd5 Qd7 21. Be2 g6 22. c4 h5 23. h3 h4 24. Nf1 Ne4 25. Rc2 f5 26. Nd2 Nxd2 27. Qxd2 Nf6 28. b4 Bg7 29. Rac1 Kh7 30. Qd1 Bh6 31. Bxh6 Kxh6 32. c5 dxc5 33. Rxc5 Rxc5 34. Rxc5 Qd6 35. Qc1+ g5 36. b5 axb5 37. Bxb5 Rd8 38. a6 Ne4 39. Rc7 Qb6 40. Rxb7 Qxf2+ 41. Kh1 Ng3+ 42. Kh2 Ne4 43. Kh1 Qg3 44. Bf1 Nf2+ 45. Kg1 Nxh3+ 46. Kh1 Nf2+ 47. Kg1 Ne4 48. Qc6+ Rd6 49. Qc2 h3 0-1


[Site "https://www.chess.com"]

[Event "Titled Tuesday Blitz March 29 Early 2022"]
[White "Costachi, Mihnea"]
[Black "Abdusattorov, Nodirbek"]
[WhiteFideId "1217518"]
[BlackFideId "14204118"]
[WhiteElo "2464"]
[BlackElo "2663"]
[Result "1-0"]
[Round "09"]
[TimeControl "180+1"]
[Date "2022.03.29"]
[WhiteClock "0:00:28"]
[BlackClock "0:00:02"]

1. d4 Nf6 2. Bg5 d5 3. e3 c5 4. c3 Qb6 5. Qc1 Nc6 6. Nd2 e5 7. dxe5 Nxe5 8. Ngf3 Nxf3+ 9. Nxf3 Be7 10. Bd3 O-O 11. O-O h6 12. Bh4 Be6 13. Qc2 Rfe8 14. Rab1 Rad8 15. h3 Nh5 16. Bxe7 Rxe7 17. Rfd1 Nf6 18. Bf5 Ree8 19. b4 c4 20. Nd4 Bd7 21. Bxd7 Rxd7 22. a4 g6 23. a5 Qd6 24. Nb5 Qb8 25. Rd4 Rde7 26. Rbd1 Re5 27. Rf4 Kg7 28. Nd4 Re4 29. Rxe4 Nxe4 30. Nf3 Nf6 31. Rd4 Qd6 32. Qa4 Qe6 33. Qb5 Re7 34. Qc5 a6 35. Nd2 Rd7 36. Qc8 Qf5 37. Rf4 Qe5 38. Rxf6 Rc7 39. Qd8 Qxf6 40. Qxc7 Qxc3 41. Nf3 Qxb4 42. Qe5+ Kg8 43. Qxd5 c3 44. Ne5 Qb1+ 45. Kh2 Qf5 46. f4 c2 47. Qc4 g5 48. Nf3 gxf4 49. exf4 Qxa5 50. Qxc2 Qb4 51. Qc8+ Kg7 52. Qg4+ Kf8 53. Ne5 Qb3 54. Qh5 Kg7 55. f5 Qd5 56. f6+ Kxf6 57. Ng4+ Ke6 58. Qxh6+ Ke7 59. Qf6+ Ke8 60. h4 Qe6 61. Qg5 b5 62. h5 b4 63. h6 Qe4 64. Nf6+ 1-0


[Site "https://www.chess.com"]

[Event "Titled Tuesday Blitz March 29 Early 2022"]
[White "Cramling Bellon, Anna"]
[Black "Kiltti, Jyrki"]
[WhiteFideId "32009232"]
[BlackFideId "501204"]
[WhiteElo "1905"]
[BlackElo "2245"]
[Result "1/2-1/2"]
[Round "09"]
[TimeControl "180+1"]
[Date "2022.03.30"]
[WhiteClock "0:00:23"]
[BlackClock "0:01:19"]

1. d4 Nc6 2. d5 Ne5 3. e4 Ng6 4. c4 e5 5. Nc3 Bc5 6. Nf3 Nf6 7. Be2 O-O 8. Bg5 h6 9. Be3 Bxe3 10. fxe3 d6 11. O-O Ng4 12. Qd2 f5 13. exf5 Bxf5 14. h3 Nf6 15. Nxe5 Nxe5 16. Rxf5 Rf7 17. Raf1 Qe7 18. Qd4 a6 19. Ne4 Nxe4 20. Qxe4 Rxf5 21. Qxf5 Rf8 22. Qxf8+ Qxf8 23. Rxf8+ Kxf8 24. Kf2 a5 25. b3 b6 26. g4 g5 27. Kg3 Ke7 28. h4 Kf6 29. Bd1 Nd7 30. Bc2 Ke5 31. hxg5 hxg5 32. Kf3 Nc5 33. a3 Nd7 34. Bf5 Nc5 35. b4 axb4 36. axb4 Na6 37. b5 Nc5 38. Bg6 Na4 39. Bd3 1/2-1/2


[Site "https://www.chess.com"]

[Event "Titled Tuesday Blitz March 29 Early 2022"]
[White "Czerw, Dawid"]
[Black "Al-Tarboush, Ward"]
[WhiteFideId "1145746"]
[BlackFideId "7601450"]
[WhiteElo "2476"]
[BlackElo "2586"]
[Result "1-0"]
[Round "09"]
[TimeControl "180+1"]
[Date "2022.03.30"]
[WhiteClock "0:00:16"]
[BlackClock "0:01:18"]

1. d4 d5 2. c4 c6 3. cxd5 cxd5 4. Bg5 h6 5. Bh4 Qb6 6. Nc3 e6 7. e4 Qxb2 8. Rc1 Bb4 9. Bb5+ Nc6 10. Ne2 dxe4 11. O-O Nf6 12. Bxf6 gxf6 13. Nxe4 f5 14. Rxc6 bxc6 15. Bxc6+ Kf8 16. Bxa8 fxe4 17. Bxe4 Ba6 18. Bd3 Bxd3 19. Qxd3 Rg8 20. Rb1 Qd2 21. Qxd2 Bxd2 22. Rb2 Ba5 23. Rb8+ Kg7 24. Rxg8+ Kxg8 25. f3 Bb6 26. Kf2 Kf8 27. Ke3 Ke7 28. Kd3 Kd6 29. Kc4 h5 30. Nc3 f5 31. Ne2 h4 32. Nf4 Bd8 33. g3 Bg5 34. Nh3 Bf6 35. gxh4 Bxh4 36. Nf4 Bg5 37. Ng2 a6 38. h4 Bh6 39. h5 Ke7 40. d5 e5 41. Kc5 Kd7 42. d6 Bf8 43. Kd5 Bxd6 44. h6 Bf8 45. h7 Bg7 46. Nh4 e4 47. fxe4 f4 48. e5 Bh8 49. Ke4 f3 50. Kxf3 Bxe5 51. Ng6 Bg7 52. Ke4 Kd6 53. h8=Q Bxh8 54. Nxh8 Kc5 55. Kd3 Kb4 56. Kc2 Ka3 57. Kb1 Kb4 58. Ng6 Ka3 59. Nf4 Kb4 60. Ne6 a5 61. Kb2 Kb5 62. Kb3 Ka6 63. Ka4 Kb6 64. Nd4 Ka6 65. Nb3 Kb6 66. Nxa5 Ka6 67. Nb3 Kb7 68. Kb5 Ka7 69. a4 Kb7 70. a5 Ka7 71. a6 Kb8 72. Kb6 Ka8 73. Nd4 Kb8 74. Nb5 1-0


[Site "https://www.chess.com"]

[Event "Titled Tuesday Blitz March 29 Early 2022"]
[White "Derraugh, Geordie"]
[Black "Tiarks, Jann-Christian"]
[WhiteFideId "2603950"]
[BlackFideId "12951595"]
[WhiteElo "2116"]
[BlackElo "2176"]
[Result "1-0"]
[Round "09"]
[TimeControl "180+1"]
[Date "2022.03.30"]
[WhiteClock "0:00:08"]
[BlackClock "0:00:15"]

1. e4 c5 2. Nf3 Nf6 3. d3 Nc6 4. Nc3 d5 5. exd5 Nxd5 6. Be2 Bg4 7. O-O e6 8. h3 Bh5 9. Re1 Be7 10. Ne4 O-O 11. a3 Rc8 12. Bd2 b6 13. Ng3 Bg6 14. c3 h6 15. Qa4 Qc7 16. Rad1 Rfd8 17. Qg4 Nf6 18. Qc4 Na5 19. Qa6 c4 20. dxc4 Bc2 21. Rc1 Bb3 22. Be3 Bxc4 23. Bxc4 Nxc4 24. b4 Nd5 25. Bd4 Nf4 26. Rcd1 Qc6 27. Re4 Nd5 28. Ne5 Nxe5 29. Bxe5 Nxc3 30. Rxd8+ Bxd8 31. Rg4 f6 32. Qxa7 Bc7 33. Bxf6 g5 34. h4 Ra8 35. Rc4 Rxa7 36. Rxc6 Nd5 37. hxg5 hxg5 38. Bxg5 Rxa3 39. Rxe6 Bxg3 40. fxg3 Rxg3 41. Bh4 Rg4 42. Be1 Nxb4 43. Re8+ Kf7 44. Rb8 Nd3 45. Bd2 Rg6 46. Be3 Nc5 47. Kf2 Rc6 48. Ke2 Ke6 49. g4 Kd5 50. Rd8+ Kc4 51. g5 Ne4 52. Rd4+ Kc3 53. Rxe4 b5 54. Re5 b4 55. Rc5+ Rxc5 56. Bxc5 b3 57. Be7 Kc4 58. Bf6 Kd5 59. Kf3 Ke6 60. Kg4 Kf7 61. Kh5 Kg8 62. Bb2 Kf7 63. Kh6 Kg8 64. g6 Kf8 65. Kh7 Ke7 66. g7 Ke6 67. g8=Q+ Kd6 68. Qxb3 Kc5 69. Qc3+ Kd5 70. Qd4+ Ke6 71. Qe5+ Kd7 72. Qf6 Ke8 73. Qg7 Kd8 74. Be5 Kc8 75. Qc7# 1-0


[Site "https://www.chess.com"]

[Event "Titled Tuesday Blitz March 29 Early 2022"]
[White "Dreev, Aleksey"]
[Black "Karolczuk, Iwo"]
[WhiteFideId "4100107"]
[BlackFideId "21816972"]
[WhiteElo "2625"]
[BlackElo "2243"]
[Result "0-1"]
[Round "09"]
[TimeControl "180+1"]
[Date "2022.03.29"]
[WhiteClock "0:00:04"]
[BlackClock "0:00:01"]

1. d4 Nf6 2. Nf3 g6 3. Bf4 Bg7 4. e3 O-O 5. Be2 d6 6. O-O Nbd7 7. h3 b6 8. c4 Bb7 9. Nc3 Qe8 10. Qc2 e5 11. Bh2 Qe7 12. Rfd1 a6 13. d5 e4 14. Nd4 Rae8 15. b4 Nh5 16. Bxh5 gxh5 17. Nf5 Qg5 18. Nxg7 Qxg7 19. Nxe4 Bc8 20. Ng3 Nf6 21. Rd4 Kh8 22. Rad1 Rg8 23. Rh4 Qg5 24. Rdd4 Rg6 25. Qc3 Kg8 26. Kf1 Kf8 27. Rhf4 Re7 28. a3 Qe5 29. Rd3 Qg5 30. h4 Qe5 31. f3 b5 32. Ne2 Bf5 33. Qxe5 Rxe5 34. e4 bxc4 35. Rc3 Nxd5 36. exf5 Rxg2 37. Kxg2 Rxe2+ 38. Kf1 Rxh2 39. Rfxc4 Nxc3 40. Rxc3 Rxh4 41. Rxc7 Rf4 42. Kg2 Rxf5 43. Ra7 Rd5 44. Rxa6 h4 45. a4 Ke7 46. b5 Kd8 47. Ra7 Rd4 48. b6 Kc8 49. a5 Kb8 50. Rxf7 Ra4 51. Ra7 d5 52. f4 Rxf4 0-1


[Site "https://www.chess.com"]

[Event "Titled Tuesday Blitz March 29 Early 2022"]
[White "Estrada Nieto, Julian"]
[Black "Kaminski, Victor"]
[WhiteFideId "5101018"]
[BlackFideId "1131630"]
[WhiteElo "2246"]
[BlackElo "2181"]
[Result "0-1"]
[Round "09"]
[TimeControl "180+1"]
[Date "2022.03.30"]
[WhiteClock "0:00:10"]
[BlackClock "0:00:04"]

1. e4 e5 2. Nf3 Nc6 3. Bb5 a6 4. Ba4 Nf6 5. O-O Be7 6. Re1 b5 7. Bb3 O-O 8. a4 d5 9. axb5 dxe4 10. bxc6 exf3 11. Qxf3 e4 12. Qc3 Bd6 13. d4 Rb8 14. Bd2 Rb5 15. h3 Nd5 16. Bxd5 Rxd5 17. Na3 f5 18. Nc4 Be7 19. Ne5 Rxd4 20. Qb3+ Qd5 21. Be3 Qxb3 22. cxb3 Rd5 23. f4 Rfd8 24. Re2 Bb4 25. Kf2 a5 26. g4 Ba6 27. Rc2 Rf8 28. g5 Rfd8 29. Nc4 Rd1 30. Rxd1 Rxd1 31. Bd2 Bxc4 32. Bxb4 Bxb3 33. Rd2 axb4 34. Rd7 h6 35. Rxc7 hxg5 36. fxg5 Kh7 37. Rb7 Rc1 38. Rxb4 Bd5 39. Ke3 Bxc6 40. Kf4 Rc2 41. g6+ Kxg6 42. Rb6 Kh7 43. Ke5 e3 44. b4 e2 45. b5 Bf3 46. Kf4 e1=Q 47. Kxf3 Qe4+ 48. Kg3 Rg2# 0-1


[Site "https://www.chess.com"]

[Event "Titled Tuesday Blitz March 29 Early 2022"]
[White "FGHSMN"]
[Black "Kozak, Antoni"]
[BlackFideId "21832030"]
[WhiteElo "2757"]
[BlackElo "2236"]
[Result "0-1"]
[Round "09"]
[TimeControl "180+1"]
[Date "2022.03.29"]
[WhiteClock "0:00:04"]
[BlackClock "0:00:08"]

1. d4 d5 2. Nf3 Nf6 3. e3 c6 4. Bd3 Bg4 5. h3 Bh5 6. Nbd2 Nbd7 7. b3 e5 8. dxe5 Nxe5 9. Be2 Bd6 10. Bb2 Qe7 11. Nh4 Bg6 12. Nxg6 hxg6 13. a3 g5 14. c3 g4 15. Qc2 O-O-O 16. b4 Ng6 17. O-O-O g3 18. fxg3 Qxe3 19. Bf3 Bxg3 20. Kb1 Kb8 21. Nf1 Qg5 22. Nxg3 Qxg3 23. c4 Ne5 24. cxd5 Nxf3 25. Rd3 Nxd5 26. Rxf3 Qc7 27. Bxg7 Rhg8 28. Bb2 a5 29. Re1 Rde8 30. Rxe8+ Rxe8 31. Qd2 axb4 32. axb4 Qb6 33. Rxf7 Nxb4 34. Qd6+ Ka8 35. Rf1 Qb5 36. Qd1 Nd3 37. Rf2 Nxf2 38. Qd7 Re1+ 39. Kc2 Qe2+ 40. Kb3 Qd3+ 41. Qxd3 Nxd3 42. Bc3 Rg1 43. g4 Rg3 44. Kc4 Rxh3 45. g5 Nf4 46. g6 Nxg6 0-1


[Site "https://www.chess.com"]

[Event "Titled Tuesday Blitz March 29 Early 2022"]
[White "Fathy, Elameir"]
[Black "Osmonbekov, Talaibek"]
[WhiteFideId "10600396"]
[BlackFideId "2017253"]
[WhiteElo "2311"]
[BlackElo "2135"]
[Result "1-0"]
[Round "09"]
[TimeControl "180+1"]
[Date "2022.03.30"]
[WhiteClock "0:00:04"]
[BlackClock "0:00:08"]

1. d4 e6 2. c4 f5 3. Nf3 Nf6 4. g3 Be7 5. Bg2 O-O 6. O-O d6 7. Nc3 Ne4 8. Qc2 Nxc3 9. bxc3 Nc6 10. e4 e5 11. Rd1 Qe8 12. d5 Na5 13. c5 fxe4 14. Qxe4 Bf5 15. Qe2 Qh5 16. Nd4 Qxe2 17. Nxe2 dxc5 18. h3 Bd6 19. g4 Bd7 20. Ng3 Nc4 21. Ne4 b5 22. Be3 Nxe3 23. fxe3 a5 24. c4 b4 25. a3 b3 26. a4 Rab8 27. Nc3 Rb4 28. Bf1 b2 29. Ra2 Rfb8 30. Rb1 Rb3 31. Nb5 h5 32. gxh5 Rxe3 33. Rbxb2 Bxh3 34. Bxh3 Rxh3 35. Rh2 Rg3+ 36. Rhg2 Rxg2+ 37. Rxg2 Kh7 38. Rg6 Rd8 39. Re6 1-0


[Site "https://www.chess.com"]

[Event "Titled Tuesday Blitz March 29 Early 2022"]
[White "Fedoseev, Vladimir"]
[Black "Piesik, Piotr"]
[WhiteFideId "24130737"]
[BlackFideId "1136194"]
[WhiteElo "2726"]
[BlackElo "2190"]
[Result "1-0"]
[Round "09"]
[TimeControl "180+1"]
[Date "2022.03.29"]
[WhiteClock "0:02:19"]
[BlackClock "0:01:58"]

1. e4 g6 2. d4 Bg7 3. Nc3 c6 4. f4 d5 5. e5 Nh6 6. Bd3 Bg4 7. Nce2 Nf5 8. h3 Bxe2 9. Nxe2 h5 10. Bxf5 gxf5 11. Qd3 e6 12. Bd2 Qh4+ 13. g3 Qe7 14. O-O-O Nd7 15. g4 fxg4 16. hxg4 hxg4 17. f5 exf5 18. Ng3 Rxh1 19. Rxh1 O-O-O 20. Nxf5 Qf8 21. Rh7 Bh8 22. Rxf7 Qg8 23. Ne7+ 1-0


[Site "https://www.chess.com"]

[Event "Titled Tuesday Blitz March 29 Early 2022"]
[White "Fernandez Sanchez, Mario Andres"]
[Black "Sharma, Dinesh K."]
[WhiteFideId "6501621"]
[BlackFideId "5004110"]
[WhiteElo "2057"]
[BlackElo "2372"]
[Result "0-1"]
[Round "09"]
[TimeControl "180+1"]
[Date "2022.03.30"]
[WhiteClock "0:00:09"]
[BlackClock "0:01:44"]

1. d4 Nf6 2. Bf4 e6 3. e3 d5 4. Nf3 Bd6 5. Bg3 O-O 6. Nbd2 c5 7. c3 Qc7 8. dxc5 Qxc5 9. Bd3 Nbd7 10. e4 dxe4 11. Nxe4 Nxe4 12. Bxe4 Bxg3 13. hxg3 h6 14. Qd4 Qxd4 15. Nxd4 Nf6 16. Bf3 e5 17. Nb5 e4 18. Be2 Be6 19. Nc7 Rac8 20. Nxe6 fxe6 21. O-O-O Nd5 22. Rhf1 Rf6 23. Bg4 Rcf8 24. Rfe1 Nb6 25. Rxe4 Rxf2 26. Bxe6+ Kh7 27. Bb3 Rxg2 28. Re7 Rxg3 29. Rxb7 h5 30. Rxa7 h4 31. Rb7 Rf6 32. Rh1 h3 33. a4 Nc8 34. Rc7 Rf2 35. Rxc8 h2 36. Bd5 Rg1+ 0-1


[Site "https://www.chess.com"]

[Event "Titled Tuesday Blitz March 29 Early 2022"]
[White "Ferreira, Vitor Hugo Vieira"]
[Black "Dev, Shah"]
[WhiteFideId "2119765"]
[BlackFideId "35019058"]
[WhiteElo "2483"]
[BlackElo "2606"]
[Result "1-0"]
[Round "09"]
[TimeControl "180+1"]
[Date "2022.03.30"]
[WhiteClock "0:00:27"]
[BlackClock "0:00:05"]

1. e4 e5 2. Nf3 Nc6 3. Bb5 a6 4. Ba4 Nf6 5. O-O b5 6. Bb3 Bc5 7. Nxe5 Nxe5 8. d4 Bxd4 9. Qxd4 d6 10. c3 c5 11. Qd1 Bb7 12. f3 O-O 13. Bg5 c4 14. Bc2 Qb6+ 15. Qd4 Qxd4+ 16. cxd4 Nc6 17. Bxf6 gxf6 18. Rd1 Nb4 19. Na3 d5 20. Bb1 Rad8 21. Nc2 Nd3 22. Ne3 Nxb2 23. Rd2 c3 24. Rc2 dxe4 25. Rxc3 exf3 26. Nf5 Rfe8 27. gxf3 Re1+ 28. Kf2 Rde8 29. Nd6 R8e2+ 30. Kg3 Rg1+ 31. Kf4 Ree1 32. Nxb7 Rxb1 33. Rxb1 Rxb1 34. Rb3 Kg7 35. d5 Kf8 36. d6 Ke8 37. Re3+ Kd7 38. Re7+ Kc6 39. d7 Nd3+ 40. Kf5 1-0


[Site "https://www.chess.com"]

[Event "Titled Tuesday Blitz March 29 Early 2022"]
[White "Fier, Alexandr"]
[Black "Vasquez Schroeder, Rodrigo"]
[WhiteFideId "2107139"]
[BlackFideId "3400042"]
[WhiteElo "2571"]
[BlackElo "2561"]
[Result "0-1"]
[Round "09"]
[TimeControl "180+1"]
[Date "2022.03.29"]
[WhiteClock "0:00:35"]
[BlackClock "0:00:39"]

1. d4 Nf6 2. Bg5 e6 3. e4 h6 4. Bxf6 Qxf6 5. c3 d6 6. Bd3 e5 7. Ne2 g6 8. O-O Bg7 9. f4 Qe7 10. f5 O-O 11. fxg6 fxg6 12. Qb3+ Kh7 13. Rxf8 Qxf8 14. Nd2 exd4 15. Rf1 Qe8 16. cxd4 Nc6 17. Qf7 Bg4 18. Qxc7 Rc8 19. Qxb7 Rb8 20. Qc7 Rc8 21. Qxd6 Rd8 22. Qc7 Rc8 23. Qg3 Bxe2 24. Bxe2 Nxd4 25. Bd3 Rc2 26. Nf3 Ne2+ 27. Bxe2 Rxe2 28. Rf2 Rxe4 29. h3 Re2 30. b3 Qe3 31. Kf1 Re1+ 32. Nxe1 Qxg3 33. Nf3 Qf4 34. Rd2 Qe3 35. Re2 Qd3 36. Kf2 Bf8 37. Rd2 Bc5+ 38. Kg3 Qf5 39. Re2 Kg7 40. Rd2 g5 41. Re2 Qf4# 0-1


[Site "https://www.chess.com"]

[Event "Titled Tuesday Blitz March 29 Early 2022"]
[White "Fiol, Fabrice"]
[Black "Hernandez Jimenez, Alexander Andres"]
[WhiteFideId "611670"]
[BlackFideId "3900452"]
[WhiteElo "2430"]
[BlackElo "2082"]
[Result "1-0"]
[Round "09"]
[TimeControl "180+1"]
[Date "2022.03.30"]
[WhiteClock "0:00:20"]
[BlackClock "0:00:06"]

1. e4 c5 2. Nf3 d6 3. d4 cxd4 4. Nxd4 Nf6 5. Nc3 a6 6. g3 e5 7. Nb3 Be7 8. Bg2 Be6 9. O-O Nbd7 10. a4 Rc8 11. Re1 O-O 12. Nd2 Nc5 13. a5 h5 14. Nf1 Bg4 15. f3 Be6 16. Bg5 d5 17. Bxf6 Bxf6 18. Nxd5 Bg5 19. Nfe3 h4 20. b4 Nd7 21. f4 exf4 22. gxf4 Bh6 23. e5 h3 24. Be4 Qh4 25. Qf3 Bxd5 26. Nxd5 Rfe8 27. Qg3 Qh5 28. Kh1 Kh8 29. Bf3 Qf5 30. Bg4 Qxc2 31. Bxd7 Red8 32. Bxc8 Rxd5 33. Bxh3 Rd3 34. Qg2 Rd2 35. Qg3 Rd3 36. Qg4 Rd2 37. Qc8+ 1-0


[Site "https://www.chess.com"]

[Event "Titled Tuesday Blitz March 29 Early 2022"]
[White "Flis, Pawel"]
[Black "Einarsson, Halldor Gretar"]
[WhiteFideId "1112864"]
[BlackFideId "2300150"]
[WhiteElo "1735"]
[BlackElo "2114"]
[Result "1-0"]
[Round "09"]
[TimeControl "180+1"]
[Date "2022.03.30"]
[WhiteClock "0:00:29"]
[BlackClock "0:00:01"]

1. e4 e5 2. d4 exd4 3. Nf3 Nc6 4. Bc4 Nf6 5. O-O Bc5 6. e5 Ne4 7. c3 d5 8. exd6 Nxd6 9. Re1+ Kf8 10. Bd5 Ne7 11. cxd4 Bb4 12. Re5 f6 13. Rh5 Bg4 14. Rh4 Qd7 15. Bb3 Ng6 16. Rxg4 Qxg4 17. h3 Qh5 18. Nc3 Re8 19. Be3 Nh4 20. Nxh4 Qxh4 21. Nd5 Ba5 22. Rc1 c6 23. Nf4 Nf5 24. Ne6+ Rxe6 25. Bxe6 Nxe3 26. fxe3 Qe4 27. Bg4 Qxe3+ 28. Kh1 Bb6 29. d5 Ke7 30. dxc6 Rd8 31. Qe1 Qxe1+ 32. Rxe1+ Kd6 33. cxb7 Kc7 34. Bc8 Rd2 35. Rb1 Kb8 36. a4 a5 37. b3 1-0


[Site "https://www.chess.com"]

[Event "Titled Tuesday Blitz March 29 Early 2022"]
[White "Gabdrakhmanov, Azat"]
[Black "Weetik, Vjacheslav"]
[WhiteFideId "34189197"]
[BlackFideId "4153472"]
[WhiteElo "2279"]
[BlackElo "2469"]
[Result "0-1"]
[Round "09"]
[TimeControl "180+1"]
[Date "2022.03.29"]
[WhiteClock "0:00:04"]
[BlackClock "0:00:18"]

1. e4 c6 2. d4 d5 3. e5 Bf5 4. Nf3 e6 5. Be2 Nd7 6. O-O Bg6 7. b3 Nh6 8. c4 Nf5 9. Nc3 Be7 10. Bd3 O-O 11. Ne2 dxc4 12. bxc4 Nb6 13. Qc2 Qd7 14. Bb2 c5 15. d5 exd5 16. e6 fxe6 17. Ne5 Qa4 18. Qb1 Bf6 19. cxd5 Nxd5 20. Nxg6 hxg6 21. Bxf6 gxf6 22. Bxf5 gxf5 23. Rd1 Qc6 24. Qc1 Rf7 25. Rb1 Rg7 26. Ng3 f4 27. Nh5 Rxg2+ 28. Kf1 Ne3+ 29. Ke2 Nxd1 30. Nxf6+ Kf7 31. Qxf4 Rxf2+ 32. Qxf2 Nxf2 0-1


[Site "https://www.chess.com"]

[Event "Titled Tuesday Blitz March 29 Early 2022"]
[White "Gareyev, Timur"]
[Black "Sarana, Alexey"]
[WhiteFideId "14200937"]
[BlackFideId "24133795"]
[WhiteElo "2582"]
[BlackElo "2666"]
[Result "1/2-1/2"]
[Round "09"]
[TimeControl "180+1"]
[Date "2022.03.29"]
[WhiteClock "0:00:06"]
[BlackClock "0:00:09"]

1. d4 Nf6 2. c4 e6 3. Nc3 Bb4 4. e3 O-O 5. Ne2 d5 6. a3 Be7 7. Ng3 c5 8. dxc5 Bxc5 9. Qc2 Nc6 10. b4 Bb6 11. Na4 Bc7 12. Bb2 a6 13. cxd5 exd5 14. Bd3 d4 15. O-O dxe3 16. Rad1 Qe7 17. Bxf6 Qxf6 18. Bxh7+ Kh8 19. fxe3 Qh6 20. Bf5 Bxg3 21. hxg3 Qxe3+ 22. Qf2 Qxf2+ 23. Rxf2 Bxf5 24. Rxf5 g6 25. Rfd5 Rae8 26. Nc5 Re3 27. R5d3 Rxd3 28. Rxd3 Rd8 29. Rf3 Ne5 30. Rf1 Kg7 31. Nxb7 Rd3 32. a4 Rxg3 33. Nc5 Ra3 34. a5 Nc6 35. Nxa6 f5 36. Rf3 Ra1+ 37. Kh2 Ne5 38. Rf4 Kf6 39. Nc5 g5 40. Rd4 f4 41. Nd7+ Nxd7 42. Rxd7 g4 43. Rd5 Kg6 44. Rc5 Kf6 45. Rb5 Kg6 46. Re5 Kf6 47. Rc5 Ra2 48. Kg1 Ra1+ 49. Kf2 Ra2+ 50. Kf1 Ra1+ 51. Kf2 Ra2+ 52. Kf1 Kg6 53. Rd5 Kf6 54. Rc5 1/2-1/2


[Site "https://www.chess.com"]

[Event "Titled Tuesday Blitz March 29 Early 2022"]
[White "Garv Gaur"]
[Black "Krysa, Leandro"]
[WhiteFideId "45030839"]
[BlackFideId "116807"]
[WhiteElo "2497"]
[BlackElo "2620"]
[Result "1/2-1/2"]
[Round "09"]
[TimeControl "180+1"]
[Date "2022.03.30"]
[WhiteClock "0:00:01"]
[BlackClock "0:00:03"]

1. d4 d5 2. Nf3 Nf6 3. c4 c6 4. g3 dxc4 5. Bg2 b5 6. a4 Bb7 7. Ne5 a6 8. Nc3 e6 9. axb5 axb5 10. Rxa8 Bxa8 11. O-O Be7 12. Nxb5 cxb5 13. Bxa8 O-O 14. Bg2 Bd6 15. Bg5 h6 16. Bxf6 Qxf6 17. Nc6 Nxc6 18. Bxc6 Rb8 19. e4 e5 20. d5 Bc5 21. Qe2 Bd4 22. Kg2 Qd6 23. Ra1 Qb4 24. Ra2 Qb3 25. Ra5 Bxb2 26. d6 c3 27. Bd5 Qb4 28. Ra7 Qxd6 29. Rxf7 Qxd5 30. exd5 Kxf7 31. d6 Ke6 32. f4 Kd7 33. Qxe5 Rb7 34. f5 b4 35. Qe6+ Kd8 36. Qg8+ Kd7 37. Qe6+ Kd8 38. Qc4 b3 39. Qg8+ Kd7 40. Qe6+ Kd8 41. Qd5 Kc8 42. Qg8+ Kd7 43. Qe6+ Kd8 44. Qd5 Kc8 45. Qg8+ Kd7 1/2-1/2


[Site "https://www.chess.com"]